 Dungeon Crawl Stone Soup version 0.31-a0-1576-ga3383bade6 (webtiles) character file.

Game seed: 6481317641784822832

85 Flugslaktarn the Apothecary (level 4, -3/27 HPs)
             Began as an Octopode Alchemist on Jan 4, 2024.
             Slain by a gnoll
             ... wielding a +0 whip
              (10 damage)
             ... on level 4 of the Dungeon.
             The game lasted 00:01:39 (843 turns).

Flugslaktarn the Apothecary (Octopode Alchemist)     Turns: 843, Time: 00:01:39

Health: -3/27      AC:  1    Str:  7    XL:     4   Next: 48%
Magic:  8/8        EV: 13    Int: 19    God:
Gold:   112        SH:  0    Dex: 12    Spells: 7/8 levels left

rFire   . . .        e - +0 dagger (venom)
rCold   . . .        (no shield)
rNeg    . . .        (helmet restricted)
rPois   .            (no amulet)
rElec   .            (no ring)
rCorr   .            (no ring)
SInv    .            (no ring)
Will    .....        (no ring)
Stlth   +++          (no ring)
HPRegen 0.24/turn    (no ring)
MPRegen 0.11/turn    (no ring)
                     (no ring)

%: no passive effects
@: no status effects
A: almost no armour, amphibious, 8 rings, camouflage 1, gelatinous body 1,
(nimble swimmer 1), tentacles
a: no special abilities


You were on level 4 of the Dungeon.
You visited 1 branch of the dungeon, and saw 5 of its levels.

You collected 112 gold pieces.

Inventory:

Hand Weapons
 b - a +0 dagger
   (You took it off a goblin on level 1 of the Dungeon)
 e - a +0 dagger of venom (weapon)
   (You took it off a goblin on level 2 of the Dungeon)
Jewellery
 i - a ring of fire
   (You found it on level 5 of the Dungeon)
Talismans
 g - a serpent talisman
   (You found it on level 3 of the Dungeon)
Scrolls
 f - 4 scrolls of identify {unknown}
Potions
 a - 2 potions of magic
 c - a potion of degeneration {unknown}
 d - 2 potions of curing {unknown}
 h - a potion of enlightenment {unknown}


   Skills:
 - Level 2.0 Dodging
 - Level 2.6 Stealth
 + Level 2.9 Spellcasting
 - Level 1.0 Conjurations
 * Level 5.0 Alchemy


You had 7 spell levels left.
You knew the following spells:

 Your Spells              Type           Power      Damage    Failure   Level
a - Sting                 Conj/Alch      56%        1d6       4%          1

Your spell library contained the following spells:

 Spells                   Type           Power      Damage    Failure   Level
 Mercury Vapours          Alch/Air       24%        N/A       9%          2
 Mephitic Cloud           Conj/Alch/Air  10%        N/A       21%         3
 Olgreb's Toxic Radiance  Alch           21%        N/A       21%         4
 Lesser Beckoning         Tloc           4%         N/A       24%         2
 Gell's Gravitas          Tloc           2%         N/A       43%         3
 Teleport Other           Tloc           2%         N/A       43%         3
 Sticky Flame             Fire/Alch      12%        2d5       50%         4


Dungeon Overview and Level Annotations

Branches:
Dungeon (5/15)
 Temple: D:4-7

Altars:
Fedhas

Annotations:
D:4 1 runed translucent door, MisterFreud's ghost, novice DrSh


Innate Abilities, Weirdness & Mutations

You cannot wear most types of armour.
You are amphibious.
You can wear up to eight rings at the same time.
Your skin changes colour to match your surroundings (Stealth+).
Your rubbery body absorbs attacks. (AC +1, EV +1)
((You are camouflaged when in or above water. (Stealth+)))
You have tentacles for arms and can constrict up to eight enemies at once.


Message History

The goblin is moderately wounded.
The goblin shoots a sling bullet.
The sling bullet closely misses you.
Casting: Sting (safe; 4% risk of failure)
Confirm with . or Enter, or press ? or * to list all spells.
Aiming: Sting (safe; 4% risk of failure)
Press: ? - help, Shift-Dir - straight line, f/p - goblin
Aim: a goblin, wielding a +0 sling (severely wounded, poisoned, 64% to hit)
The sting misses the goblin.
The goblin shoots a sling bullet.
The sling bullet hits you.
You kill the goblin!
Things that are here:
a +0 sling; a +0 club; a goblin corpse A kobold comes into view.
It is wielding a +0 flail.
Unknown command.
Found a stone staircase leading down.
Casting: Sting (safe; 4% risk of failure)
Confirm with . or Enter, or press ? or * to list all spells.
You can't see any susceptible monsters within range! (Use Z to cast anyway.)
Found a club.
Casting: Sting (safe; 4% risk of failure)
Confirm with . or Enter, or press ? or * to list all spells.
You can't see any susceptible monsters within range! (Use Z to cast anyway.)
Casting: Sting (safe; 4% risk of failure)
Confirm with . or Enter, or press ? or * to list all spells.
You can't see any susceptible monsters within range! (Use Z to cast anyway.)
There is a stone staircase leading down here.
You climb downwards.
Found 9 gold pieces.
There is a stone staircase leading up here.
Casting: Sting (safe; 4% risk of failure)
Confirm with . or Enter, or press ? or * to list all spells.
Aiming: Sting (safe; 4% risk of failure)
Press: ? - help, Shift-Dir - straight line, f - orc
Aim: an orc, wielding a +0 club (asleep, 100% to hit)
The sting hits the orc.
The orc is poisoned.
The orc is severely wounded.
The orc shouts!
The orc hits you with a +0 club.
You hit the orc but do no damage.
The orc looks even sicker.
You grab the orc.
The orc is severely wounded.
You constrict the orc.
You kill the orc!
Your Alchemy skill increases to level 5!
Things that are here:
a +0 club; an orc corpse You now have 112 gold pieces (gained 9).
There is a stone staircase leading up, spattered with blood here.
You climb upwards.
Level annotation: 1 runed translucent door, MisterFreud's ghost, novice DrSh
There is a stone staircase leading down here.
Casting: Sting (safe; 4% risk of failure)
Confirm with . or Enter, or press ? or * to list all spells.
Aiming: Sting (safe; 4% risk of failure)
Press: ? - help, Shift-Dir - straight line, f - kobold
Aim: a kobold, wielding a +0 flail (wandering, hasn't noticed you, 64% to hit)
The sting hits the kobold but does no damage.
The kobold is poisoned.
The kobold shouts!
The kobold hits you with a +0 flail!
* * * LOW HITPOINT WARNING * * *
Casting: Sting (safe; 4% risk of failure)
Confirm with . or Enter, or press ? or * to list all spells.
Aiming: Sting (safe; 4% risk of failure)
Press: ? - help, Shift-Dir - straight line, f/p - kobold
Aim: a kobold, wielding a +0 flail (poisoned, 64% to hit)
The sting hits the kobold.
The kobold looks even sicker.
The kobold is severely wounded.
The kobold closely misses you.
You hit the kobold but do no damage. You grab the kobold.
The kobold is severely wounded.
You constrict the kobold.
You kill the kobold!
You see here a +0 flail.
You see here a +0 club.
An adder comes into view.
The adder hisses angrily.
An adder is nearby!
You see here a +0 club.
You see here a +0 flail.
There is a stone staircase leading down here.
You climb downwards.
There is a stone staircase leading up, spattered with blood here.
You start resting.
Magic restored.
Found a stone staircase leading down.
f - 4 scrolls labelled LEID XILOTY (gained 3)
Found a stone staircase leading up.
i - a ring of fire
Okay, then.
Found a glowing long sword.
There is a stone staircase leading up here.
You climb upwards.
Level annotation: 1 runed translucent door, MisterFreud's ghost, novice DrSh The gnoll shouts!
Found a scroll labelled LEID XILOTY and 6 stones.
There is a stone staircase leading down here.
The gnoll hits you with a +0 spear!
* * * LOW HITPOINT WARNING * * *
The gnoll hits you with a +0 whip!
You die...

## .. #.
.. .# #
.# ...
##.#.....
#@..g..?.
#gg#.....
#.## ...
+.# . #.#
#.# +.#
###


You could see 3 gnolls.

Vanquished Creatures
  A howler monkey (D:4)
  2 ufetubi (D:4)
  2 orcs
  3 endoplasms
  A giant cockroach (D:3)
  6 goblins
  3 hobgoblins
  4 jackals (D:3)
  4 kobolds
  A quokka (D:2)
  3 ball pythons
  2 frilled lizards (D:1)
  2 rats
34 creatures vanquished.

Notes
Turn   | Place    | Note
-------+----------+-------------------------------------------
     0 | D:1      | Flugslaktarn the Octopode Alchemist began the quest for the
                  | Orb.
     0 | D:1      | Reached XP level 1. HP: 11/11 MP: 3/3
   152 | D:2      | Reached XP level 2. HP: 17/17 MP: 1/5
   316 | D:3      | Found a blossoming altar of Fedhas.
   378 | D:3      | Reached skill level 4 in Alchemy
   410 | D:2      | Reached XP level 3. HP: 15/21 MP: 0/6
   521 | D:4      | Noticed MisterFreud's ghost (novice DrSh)
   530 | D:4      | Found a runed translucent door.
   576 | D:4      | Reached XP level 4. HP: 18/27 MP: 5/8
   787 | D:5      | Entered Level 5 of the Dungeon
   790 | D:5      | Reached skill level 5 in Alchemy
   843 | D:4      | Slain by a gnoll

Illustrated notes

Levels and vault maps discovered:
D:1:      wander_arrival_estate, layout_loops_cross,
          hellmonk_ecumenical_altar_leap_of_faith
D:2:      layout_loops_corners, minmay_fractal_squares_gapless_5
D:3:      layout_basic, makhleb_altar_promises_db,
          nicolae_overflow_hidden_temple
D:4:      layout_basic, marbit_many_paths, mainiacjoe_overflow_24_doors,
          hellmonk_ghost_happy_afterlife, minmay_bent
D:5:      cheibrodos_fzero, layout_loops_ring, nzn_wu_jian_council_hall,
          minmay_temple_entry_enclosed_plants

Skill      XL: |  1  2  3  4 |
---------------+-------------+-----
Alchemy        | 4 5 |  5.0
Dodging        | |  2.0
Stealth        | |  2.6
Spellcasting   | |  2.9
Conjurations   | |  1.0

Action                     |  1- 3 |  4- 6 || total
---------------------------+-------+-------++-------
  Melee: Dagger            |    27 |     6 ||    33
         Constrict         |     8 |     2 ||    10
         Tentacles         |     7 |       ||     7
         Punch             |     1 |       ||     1
   Cast: Sting             |    27 |    14 ||    41
   Stab: Sleeping          |     1 |       ||     1
 Armour: Skin              |    18 |    11 ||    29
  Dodge: Dodged            |    20 |    10 ||    30

Table legend: (Time is in decaauts)
 A = Elapsed time spent in this place.
 B = Non-inter-level travel time spent in this place.
 C = Inter-level travel time spent in this place.
 D = Time resting spent in this place.
 E = Time spent auto-exploring this place.
 F = Levels seen in this place.
 G = Mean time per level.
                   A        B        C        D        E       F      G
               +--------+--------+--------+--------+--------+-----+--------+
         Total |    842 |    794 |     48 |     10 |    405 |   5 |  168.4 |
       Dungeon |    842 |    794 |     48 |     10 |    405 |   5 |  168.4 |
               +--------+--------+--------+--------+--------+-----+--------+

Top non-repeatable levels by time:
     D:4: 280 daAuts
     D:3: 205 daAuts
     D:2: 168 daAuts
     D:1: 147 daAuts
     D:5: 40 daAuts
